 Dungeon Crawl Stone Soup version 0.22.0-5-gf09313c8f9 (webtiles) character file.

15590 Htamos the Pandemonic (level 12, -3/110 HPs)
             Began as a Deep Dwarf Fighter on Aug 13, 2018.
             Was a High Priest of Makhleb.
             Slain by a redback (4 damage)
             ... on level 1 of the Spider Nest.
             The game lasted 00:18:39 (9654 turns).

Htamos the Pandemonic (Deep Dwarf Fighter)          Turns: 9654, Time: 00:18:40

Health: -3/110     AC: 14    Str: 24    XL:     12   Next: 2%
Magic:  5/5        EV:  6    Int: 10    God:    Makhleb [*****.]
Gold:   734        SH:  0    Dex: 12    Spells: 11/11 levels left

rFire    . . .     SeeInvis .   a - +0 war axe
rCold    . . .     Gourm    .   c - +0 shield
rNeg     . . .     Faith    .   A - +0 plate armour
rPois    .         Spirit   .   (no helmet)
rElec    .         Reflect  .   (no cloak)
rCorr    .         Harm     .   (no gloves)
MR       +....                  (no boots)
Stlth    ..........             (no amulet)
HPRegen  0.00/turn              (no ring)
MPRegen  0.09/turn              (no ring)

@: confused, lethally poisoned (-3 -> -132), non-regenerating
A: damage resistance, heal wounds, sense surroundings 2, no regeneration
a: Heal Wounds, Minor Destruction, Lesser Servant of Makhleb, Major Destruction,
Greater Servant of Makhleb, Renounce Religion


You were on level 1 of the Spider Nest.
You worshipped Makhleb.
Makhleb was extremely pleased with you.
You were not hungry.

You visited 5 branches of the dungeon, and saw 17 of its levels.

You collected 734 gold pieces.

Inventory:

Hand Weapons
 a - a +0 war axe (weapon)
 q - the +8 Wrath of Trog {antimagic, *Rage}
   (You found it on level 8 of the Dungeon)

   It reduces the magical energy of the wielder, and disrupts the spells and
   magical abilities of those hit.
   Natural abilities and divine invocations are not affected.
   It may make you go berserk in combat.
Armour
 b - a +0 scale mail
 c - a +0 shield (worn)
 l - a +0 chain mail
 A - a +0 plate armour (worn)
Jewellery
 u - a cursed ring of attention {unknown}
 D - a +5 ring of intelligence {unknown}
Wands
 m - a wand of polymorph (15)
 o - a wand of clouds (11)
 s - a wand of acid (11)
 v - a wand of disintegration (25)
 F - a wand of paralysis (14)
 G - a wand of iceblast (6)
Scrolls
 e - 7 scrolls of identify {unknown}
 g - 5 scrolls of amnesia {unknown}
 k - 4 scrolls of enchant armour {unknown}
 p - 8 scrolls of remove curse {unknown}
 t - a scroll of magic mapping {unknown}
 x - a scroll of random uselessness {unknown}
 y - a scroll of enchant weapon {unknown}
 C - a scroll of blinking {unknown}
 E - 2 scrolls of teleportation {unknown}
Potions
 d - 2 potions of might
 h - 3 potions of magic {unknown}
 i - 8 potions of heal wounds {unknown}
 j - a potion of lignification {unknown}
 n - 8 potions of curing {unknown}
 r - a potion of degeneration {unknown}
 w - a potion of brilliance {unknown}
 z - 2 potions of mutation {unknown}
 H - 2 potions of flight {unknown}
Comestibles
 f - 24 rations
 B - 2 chunks of flesh


   Skills:
 + Level 8.1 Fighting
 * Level 11.1 Axes
 + Level 9.7 Armour
 + Level 9.8 Shields
 + Level 11.6 Invocations


You had 11 spell levels left.
You didn't know any spells.
Your spell library contained the following spells:

 Spells                   Type           Power        Failure   Level  Hunger
 Magic Dart               Conj           #...         100%        1    ##.....
 Fireball                 Conj/Fire      #.........   100%        5    ######.
 Apportation              Tloc           #.....       100%        1    ##.....
 Conjure Flame            Conj/Fire      #.......     100%        3    ####...
 Bolt of Cold             Conj/Ice       #.........   100%        6    #######
 Throw Flame              Conj/Fire      #.....       100%        2    ###....
 Freezing Cloud           Conj/Ice/Air   #.........   100%        6    #######
 Summon Small Mammal      Summ           #...         100%        1    ##.....
 Iskenderun's Mystic Bla  Conj           #.......     100%        4    #####..
 Animate Skeleton         Necr           N/A          100%        1    ##.....
 Ozocubu's Refrigeration  Ice            #.........   100%        6    #######
 Sticky Flame             Conj/Fire      #.......     100%        4    #####..
 Ice Form                 Ice/Tmut       #.......     100%        4    #####..
 Confusing Touch          Hex            #.....       100%        1    ##.....
 Flame Tongue             Conj/Fire      #....        100%        1    ##.....
 Metabolic Englaciation   Hex/Ice        #.........   100%        5    ######.
 Simulacrum               Ice/Necr       #.........   100%        6    #######
 Inner Flame              Hex/Fire       #.......     100%        3    ####...
 Fulminant Prism          Conj/Hex       #.........   100%        4    #####..
 Dazzling Spray           Conj/Hex       #.....       100%        3    ####...
 Force Lance              Conj/Tloc      #.......     100%        4    #####..
 Searing Ray              Conj           #.....       100%        2    ###....


Dungeon Overview and Level Annotations

Branches:
Dungeon (9/15)             Temple (1/1) D:4            Lair (4/6) D:8
 Shoals (0/4) Lair:2       Spider (1/4) Lair:3          Orc (2/2) D:9
    Elf: Orc:2

Altars:
Ashenzari
Cheibriados
Dithmenos
Elyvilon
Fedhas
Gozag
Hepliaklqana
Kikubaaqudgha
Makhleb
Nemelex Xobeh
Okawaru
Qazlal
Ru
Sif Muna
Trog
Uskayaw
Vehumet
Wu Jian
Xom
Yredelemnul
Zin
The Shining One

Shops:
D:7 %

Portals:
Ice
Cave: Orc:1

Annotations:
D:9 3 runed doors, IcyTea's ghost, journeyman KoVM
Lair:3 exclusion: oklob plant


Innate Abilities, Weirdness & Mutations

You are resistant to damage.
You can heal yourself by infusing magical energy.
You passively map the area around you.
You do not regenerate.


Message History

The redback bites you but does no damage.
The redback barely misses you.
The redback bites you but does no damage.
The tarantella bites you but does no damage.
The redback bites you!
* * * LOW HITPOINT WARNING * * *
The redback bites you but does no damage.
The tarantella bites you but does no damage.
The redback bites you but does no damage.
The redback bites you. The redback bites you!
* * * LOW HITPOINT WARNING * * *
You are more poisoned.
The redback poisons you! The tarantella bites you!
* * * LOW HITPOINT WARNING * * *
You're too confused to move!
* * * LOW HITPOINT WARNING * * *
You feel extremely sick.
The redback bites you but does no damage.
The redback bites you.
You die...

, , , , ,,*, ,
... .. .. , ,
,,, ...# ..
#., ,
*....##.,..,,
* ,,, .......
. , ,,
,....(..#. *
** , ,
.......s## ,,,
......sss# , ,
, ,#s@#, , ,
#....sss..# ,
,,#.......####
, #.....!.# ,
##......# , *
#.....## ,
######* , ,,


You could see 3 tarantellas and 5 redbacks.

Vanquished Creatures
  A centaur warrior (D:8)
  A two-headed ogre (D:9)
  An unseen horror (D:8)
  An orb spider (Lair:3)
  A black mamba (Lair:1)
  Psyche (D:8)
  A torpor snail (Lair:3)
  A spiny frog (Lair:1)
  2 komodo dragons
  2 rime drakes
  3 trolls
  4 blink frogs (Lair:3)
  3 dream sheep (Lair:3)
  5 hippogriffs
  A redback (Spider:1)
  5 yaks
  A wyvern (D:8)
  3 hogs (D:7)
  5 basilisks
  A human (D:7)
  2 hell hounds (D:8)
  6 water moccasins
  5 porcupines
  3 orc warriors
  2 sky beasts
  An eye of draining (D:8)
  An ice beast (D:8)
  5 phantoms
  6 wolves
  4 ogres
  A crocodile (Lair:1)
  12 bullfrogs
  A wyvern zombie (D:8)
  A water moccasin skeleton (D:8)
  3 scorpions
  6 killer bees (D:8)
  3 howler monkeys (D:9)
  2 bullfrog zombies
  A crimson imp (D:7)
  A centaur zombie (D:9)
  6 hounds
  2 jellies (D:5)
  5 orc wizards
  3 bullfrog skeletons
  4 orc priests
  3 centaur skeletons
  2 iguanas (D:9)
  A worker ant (D:5)
  2 hound skeletons (D:8)
  A howler monkey zombie (D:5)
  10 gnolls
  9 adders
  5 shadow imps
  12 white imps (Orc:1)
  3 worms
  A dart slug (D:1)
  8 leopard geckos
  23 orcs
  A ball python (D:1)
  5 bats
  6 giant cockroaches
  11 hobgoblins
  12 jackals
  3 kobolds
  2 quokkas
  5 frilled lizards
  2 goblins (D:3)
  A jackal skeleton (D:6)
  A leopard gecko skeleton (D:4)
  3 quokka skeletons
  A quokka zombie (D:5)
  11 rats
273 creatures vanquished.

Vanquished Creatures (others)
  A fungus (Lair:1)
1 creature vanquished.

Grand Total: 274 creatures vanquished

Notes
Turn   | Place    | Note
-------+----------+-------------------------------------------
     0 | D:1      | Htamos the Deep Dwarf Fighter began the quest for the Orb.
     0 | D:1      | Reached XP level 1. HP: 20/20 MP: 1/1
   330 | D:1      | Reached XP level 2. HP: 22/27 MP: 2/2
   831 | D:2      | Reached XP level 3. HP: 34/34 MP: 3/3
  1016 | D:2      | Found a shattered altar of Ashenzari.
  1020 | D:2      | Saw a vision of the Shoals and the Spider Nest.
  1020 | D:2      | Noticed a redback
  1020 | D:2      | Noticed a redback
  1020 | D:2      | Noticed a wolf spider
  1020 | D:2      | Noticed a wolf spider
  1020 | D:2      | Noticed a sea snake
  1020 | D:2      | Noticed a merfolk
  1020 | D:2      | Noticed a sea snake
  1020 | D:2      | Noticed a sea snake
  1020 | D:2      | Noticed a sea snake
  1020 | D:2      | Noticed a merfolk
  1020 | D:2      | Noticed a sea snake
  1021 | D:2      | Noticed a hippogriff
  1021 | D:2      | Noticed a merfolk siren
  1021 | D:2      | Noticed a merfolk
  1022 | D:2      | Noticed a hippogriff
  1022 | D:2      | Noticed a merfolk siren
  1023 | D:2      | Noticed a redback
  1023 | D:2      | Noticed a scorpion
  1072 | D:2      | Reached XP level 4. HP: 29/42 MP: 4/4
  1815 | D:3      | Reached XP level 5. HP: 49/49 MP: 4/4
  1881 | D:3      | Found a blossoming altar of Fedhas.
  2504 | D:4      | Reached XP level 6. HP: 51/57 MP: 5/5
  2517 | D:4      | Found a staircase to the Ecumenical Temple.
  2614 | Temple   | Entered the Ecumenical Temple
  2682 | Temple   | Became a worshipper of Makhleb the Destroyer
  3112 | D:5      | Entered Level 5 of the Dungeon
  3157 | D:5      | Noticed a sky beast
  3172 | D:5      | Reached skill level 5 in Shields
  3178 | D:5      | Reached skill level 5 in Armour
  3226 | D:4      | Killed a sky beast
  3226 | D:4      | Reached XP level 7. HP: 25/64 MP: 6/6
  3291 | D:5      | Reached skill level 1 in Invocations
  3473 | D:5      | Reached * piety under Makhleb
  3721 | D:5      | Reached skill level 5 in Axes
  4335 | D:6      | Reached XP level 8. HP: 62/73 MP: 7/9
  4860 | D:7      | Reached skill level 5 in Fighting
  4860 | D:7      | Reached skill level 5 in Invocations
  4980 | D:7      | Reached ** piety under Makhleb
  5012 | D:7      | Found Zusiteu's Food Boutique.
  5072 | D:7      | Gained mutation: You passively map the area around you. [Deep Dwarf growth]
  5072 | D:7      | Reached XP level 9. HP: 46/81 MP: 8/10
  5392 | D:8      | Noticed Psyche
  5411 | D:8      | Paralysed by Psyche for 4 turns
  5442 | D:8      | Killed Psyche
  5729 | D:8      | Found a staircase to the Lair.
  5872 | D:8      | Noticed a troll
  5956 | D:8      | Killed a troll
  5956 | D:8      | Reached XP level 10. HP: 71/91 MP: 7/10
  6234 | D:8      | Killed an unseen horror
  6335 | D:8      | Reached *** piety under Makhleb
  6427 | D:8      | Noticed a centaur warrior
  6465 | D:8      | Killed a centaur warrior
  6505 | D:8      | Found the +8 Wrath of Trog {antimagic, *Rage}
  6769 | D:8      | Reached skill level 10 in Invocations
  7042 | D:9      | Found a runed gate.
  7042 | D:9      | Found a runed gate.
  7043 | D:9      | Found a runed gate.
  7126 | D:9      | Noticed a two-headed ogre
  7149 | D:9      | Killed a two-headed ogre
  7313 | D:9      | Found a staircase to the Orcish Mines.
  7391 | D:9      | Noticed IcyTea's ghost (journeyman KoVM)
  7593 | Orc:1    | Entered Level 1 of the Orcish Mines
  7694 | Orc:1    | Found a frozen archway.
  7751 | Orc:1    | Reached XP level 11. HP: 62/100 MP: 6/6
  7919 | Orc:1    | Reached **** piety under Makhleb
  7956 | Orc:2    | Entered Level 2 of the Orcish Mines
  7969 | Orc:2    | Noticed a two-headed ogre
  8015 | Lair:1   | Entered Level 1 of the Lair of Beasts
  8321 | Lair:1   | Reached skill level 10 in Axes
  8743 | Lair:2   | Found a staircase to the Shoals.
  8813 | Lair:3   | Reached ***** piety under Makhleb
  8963 | Lair:3   | Noticed an oklob plant
  9037 | Lair:3   | Noticed Sonja
  9038 | Lair:3   | Noticed Sonja
  9038 | Lair:3   | Sonja changed into Sonja the rime drake
  9055 | Lair:3   | Killed Sonja the rime drake
  9444 | Lair:3   | Found a hole to the Spider Nest.
  9444 | Lair:3   | Noticed an orb spider
  9447 | Lair:3   | Killed an orb spider
  9447 | Lair:3   | Reached XP level 12. HP: 102/110 MP: 5/5
  9645 | Spider:1 | Entered Level 1 of the Spider Nest
  9654 | Spider:1 | HP: 1/110 [poisoned by a redback]
  9654 | Spider:1 | Slain by a redback

Skill      XL: |  1  2  3  4  5  6  7  8  9 10 11 |
---------------+----------------------------------+-----
Fighting       | 3 4 5 6 7 8 |  8.1
Axes           | 3 4 5 6 7 9 11 | 11.1
Armour         | 4 5 6 7 8 9 |  9.7
Shields        | 4 5 6 7 8 9 |  9.8
Invocations    | 4 6 9 10 11 | 11.6

Action                   |  1- 3 |  4- 6 |  7- 9 | 10-12 || total
-------------------------+-------+-------+-------+-------++-------
Melee: War axe           |    94 |   201 |   493 |   720 ||  1508
Invok: Minor Destruction |       |       |     2 |       ||     2
 Abil: Heal Wounds       |     1 |     2 |    22 |    33 ||    58
Evoke: Wand              |       |       |       |     5 ||     5
 Stab: Invisible         |       |       |     1 |       ||     1
  Eat: Chunk             |     1 |     6 |    11 |    11 ||    29
       Ration            |       |       |       |     1 ||     1
Armor: Scale mail        |    32 |     5 |       |       ||    37
       Chain mail        |       |   137 |   299 |       ||   436
       Plate armour      |       |       |    40 |   494 ||   534
Dodge: Dodged            |    27 |    45 |   144 |   148 ||   364
Block: Shield            |    68 |    92 |   355 |   472 ||   987
